 Dungeon Crawl Stone Soup version 0.26.0-20-g3ca415f5b8 (webtiles) character file.

Game seed: 5605481997454400051

118 Zeldest the Charlatan (level 4, -5/35 HPs)
             Began as a Mummy Artificer on Jan 24, 2021.
             Killed from afar by an orc wizard (13 damage)
             ... with a puff of flame
             ... on level 3 of the Dungeon.
             The game lasted 00:02:07 (2468 turns).

Zeldest the Charlatan (Mummy Artificer)             Turns: 2468, Time: 00:02:08

Health: -5/35      AC: 10    Str: 16    XL:     4   Next: 72%
Magic:  4/4        EV:  4    Int: 10    God:
Gold:   91         SH:  0    Dex: 12    Spells: 3/3 levels left

rFire    x . .     SeeInvis .   a - +0 dagger
rCold    + . .     Faith    .   (no shield)
rNeg     + + +     Spirit   .   f - +0 plate armour
rPois    ∞         Reflect  .   (no helmet)
rElec    .         Harm     .   (no cloak)
rCorr    .         Rampage  .   (no gloves)
Will     .....                  (no boots)
Stlth    ..........             (no amulet)
HPRegen  0.11/turn              (no ring)
MPRegen  0.09/turn              (no ring)

@: no status effects
A: no potions, fire vulnerability, cold resistance 1, negative energy resistance
3, torment resistance, unbreathing
a: no special abilities


You were on level 3 of the Dungeon.
You visited 1 branch of the dungeon, and saw 3 of its levels.

You collected 91 gold pieces.

Inventory:

Hand Weapons
 a - a +0 dagger (weapon)
Armour
 f - a +0 plate armour (worn)
Wands
 c - a wand of flame (15) (quivered)
 d - a wand of enslavement (15)
 e - a wand of random effects (15)
Scrolls
 b - a scroll of identify {unknown}
 g - a scroll of enchant weapon {unknown}
 h - a scroll of random uselessness {unknown}


   Skills:
 + Level 3.3 Fighting
 - Level 1.5 Armour
 - Level 0.7 Dodging
 - Level 0.7 Stealth
 + Level 3.6 Evocations


You had 3 spell levels left.
You didn't know any spells.
Your spell library was empty.

Dungeon Overview and Level Annotations

Branches:
Dungeon (3/15)

Altars:


Innate Abilities, Weirdness & Mutations

You do not drink.
Your flesh is vulnerable to fire.
You are immune to poison.
Your flesh is cold resistant. (rC+)
You are immune to negative energy. (rN+++)
You are immune to unholy pain and torment.
You can survive without breathing.


Message History

You are too injured to fight recklessly!
You are too injured to fight recklessly!
You are too injured to fight recklessly!
You are too injured to fight recklessly!
You are too injured to fight recklessly!
You are too injured to fight recklessly!
You are too injured to fight recklessly!
You are too injured to fight recklessly!
You are too injured to fight recklessly!
You are too injured to fight recklessly!
You are too injured to fight recklessly!
You are too injured to fight recklessly!
You are too injured to fight recklessly!
You barely miss something. Something hits you but does no damage.
The orc barely misses you.
You closely miss something.
You hear some strange, mumbled words.
A puff of flame appears from out of thin air!
The puff of flame hits you! The fire burns you terribly!
You die...

#.............. #
.... ###..##†##..###
#.... ##....##.##
#...# #.......# ...#
#..#.....######.#.#
#.###.##...†......##
#. ...########.....#
#...### #...##...#
#..# #@#....... ###
#{#.##### #oo.#
....# ......#
.......# ........#
#.(......#
#........#


You could see 2 orcs.

Vanquished Creatures
  Terence (D:2)
  2 adders
  An ooze (D:1)
  An adder zombie (D:3)
  A worm (D:2)
  A leopard gecko (D:2)
  An orc (D:3)
  3 giant cockroaches (D:2)
  8 goblins
  11 hobgoblins
  10 kobolds
  A quokka (D:2)
  2 ball pythons
  8 bats
  A frilled lizard (D:2)
  6 rats
58 creatures vanquished.

Notes
Turn   | Place    | Note
-------+----------+-------------------------------------------
     0 | D:1      | Zeldest the Mummy Artificer began the quest for the Orb.
     0 | D:1      | Reached XP level 1. HP: 15/15 MP: 1/1
   303 | D:1      | Reached XP level 2. HP: 21/21 MP: 2/2
   785 | D:1      | Reached XP level 3. HP: 25/27 MP: 3/3
  1477 | D:2      | Reached XP level 4. HP: 34/34 MP: 4/4
  1854 | D:2      | Noticed Terence
  1920 | D:2      | Killed Terence
  2468 | D:3      | Killed from afar by an orc wizard

Illustrated notes

Levels and vault maps discovered:
D:1:      dpeg_arrival_radiant, layout_rooms
D:2:      layout_loops_ring, uniq_terence
D:3:      layout_rooms

Skill      XL: |  1  2  3  4 |
---------------+-------------+-----
Fighting       | 2 3 |  3.3
Evocations     | 3 |  3.6
Armour         | |  1.5
Dodging        | |  0.7
Stealth        | |  0.7

Action                   |  1- 3 |  4- 6 || total
-------------------------+-------+-------++-------
Melee: Dagger            |   254 |   167 ||   421
       Unarmed           |    13 |       ||    13
Armor: Plate armour      |   200 |   111 ||   311
       Leather armour    |    14 |       ||    14
Dodge: Dodged            |    65 |    30 ||    95
